 Dungeon Crawl Stone Soup version 0.31-a0-542-gdc2a67831c (webtiles) character file.

Game seed: 14655760122255225270

149 heikuro the Shield-Bearer (level 5, -3/42 HPs)
             Began as a Formicid Fighter on Aug 15, 2023.
             Slain by a gnoll
             ... wielding a +0 spear
              (4 damage)
             ... on level 3 of the Dungeon.
             The game lasted 00:03:51 (1443 turns).

heikuro the Shield-Bearer (Formicid Fighter)        Turns: 1443, Time: 00:03:51

Health: -3/42      AC:  9    Str: 22    XL:     5   Next: 57%
Magic:  5/5        EV:  8    Int:  8    God:
Gold:   120        SH:  5    Dex: 13    Spells: 4/4 levels left

rFire   . . .        a - +0 war axe
rCold   . . .        c - +0 buckler
rNeg    . . .        f - +0 chain mail
rPois   .            (helmet unavailable)
rElec   .            (no cloak)
rCorr   +            (no gloves)
SInv    +            (no boots)
Will    .....        (no amulet) Stlth
                     e - ring of resist corrosion
HPRegen 0.27/turn    (no ring)
MPRegen 0.09/turn

%: no passive effects
@: lethally poisoned (-3 -> -23)
A: permanent stasis, dig shafts and tunnels, antennae 3, four strong arms
a: Dig, Shaft Self


You were on level 3 of the Dungeon.
You visited 1 branch of the dungeon, and saw 3 of its levels.

You collected 120 gold pieces.

Inventory:

Hand Weapons
 a - a +0 war axe (weapon)
Armour
 c - a +0 buckler (worn)
 f - a +0 chain mail (worn)
Jewellery
 e - a ring of resist corrosion (left hand)
Scrolls
 b - a scroll of poison {unknown}
 h - a scroll of teleportation {unknown}
 k - a scroll of identify {unknown}
 l - a scroll of revelation {unknown}
Potions
 d - a potion of might
 g - a potion of lignification {unknown}
 i - a potion of curing {unknown}
 j - a potion of invisibility {unknown}
 m - a potion of brilliance {unknown}


   Skills:
 + Level 4.1 Fighting
 * Level 3.6 Axes
 + Level 4.1 Armour
 + Level 5.0 Shields


You had 4 spell levels left.
You didn't know any spells.
Your spell library was empty.

Dungeon Overview and Level Annotations

Branches:
Dungeon (3/15)

Altars:
Xom


Innate Abilities, Weirdness & Mutations

You cannot be hasted, slowed, berserked, paralysed or teleported.
You can dig through walls and to a lower floor.
You have a pair of large antennae on your head. (SInv)
Your four strong arms can wield two-handed weapons with a shield.


Message History

You kill the kobold!
The gnoll hits you but does no damage. The ball python bites you.
The ball python grabs you. The ball python constricts you.
You closely miss the ball python. The gnoll hits you but does no damage.
The ball python bites you but does no damage.
The ball python constricts you. The gnoll hits you but does no damage.
You slash the ball python!
You kill the ball python!
The gnoll barely misses you.
You barely miss the quokka.
The quokka bites you but does no damage.
The gnoll barely misses you. The quokka closely misses you.
The gnoll hits you from afar with a +0 spear.
You barely miss the quokka. The quokka barely misses you.
The gnoll hits you from afar with a +0 spear.
The quokka barely misses you.
You closely miss the quokka.
The quokka bites you but does no damage.
The gnoll hits you but does no damage.
You slash the quokka!
You kill the quokka!
The gnoll hits you from afar with a +0 spear!
The gnoll hits you but does no damage.
You barely miss the gnoll.
The gnoll hits you but does no damage. x2
You are poisoned.
You hit the gnoll but do no damage.
You feel very sick. The gnoll barely misses you.
The gnoll hits you with a +1 whip of venom.
* * * LOW HITPOINT WARNING * * *
You are lethally poisoned!
You completely miss the gnoll.
* * * LOW HITPOINT WARNING * * *
You feel very sick. The gnoll barely misses you.
The gnoll hits you with a +1 whip of venom.
* * * LOW HITPOINT WARNING * * *
You are more poisoned.
The gnoll hits you from afar with a +0 spear.
You die...

.# .# .# #+#
###+##.####
#.###.........##
,,,,#@....♣.........
......)g..P.♣.........
.....g###.♣♣♣♣........
...... #...♣P........
..... ##....###.....
...## ####..# ##..#
... ##.#####.# ..
#....##.## ##.....P..


You could see 2 gnolls.

Vanquished Creatures
  An iguana (D:3)
  An orc wizard (D:3)
  A gnoll (D:3)
  An adder (D:2)
  A dart slug (D:3)
  7 orcs (D:3)
  3 bats
  5 endoplasms
  4 giant cockroaches
  6 goblins
  5 hobgoblins
  4 jackals (D:1)
  8 kobolds
  2 quokkas (D:3)
  8 ball pythons
  4 frilled lizards
  3 rats
64 creatures vanquished.

Notes
Turn   | Place    | Note
-------+----------+-------------------------------------------
     0 | D:1      | heikuro the Formicid Fighter began the quest for the Orb.
     0 | D:1      | Reached XP level 1. HP: 18/18 MP: 1/1
    63 | D:1      | Reached XP level 2. HP: 24/24 MP: 2/2
   126 | D:1      | Reached XP level 3. HP: 25/29 MP: 3/3
   747 | D:2      | Reached XP level 4. HP: 26/37 MP: 4/4
   803 | D:2      | Found a shimmering altar of Xom.
  1168 | D:3      | Reached XP level 5. HP: 17/42 MP: 5/5
  1316 | D:3      | Identified the +2 leather armour of the Great Game {Str+3}
  1423 | D:3      | Reached skill level 5 in Shields
  1443 | D:3      | HP: 1/42 [gnoll/+1 whip of venom (4)]
  1443 | D:3      | Slain by a gnoll

Illustrated notes

Levels and vault maps discovered:
D:1:      minmay_arrival_five_plusses, layout_rooms, st_stairs_8, minmay_tripent
D:2:      layout_basic, basic_altar, serial_glass, glass_columns_b,
          glass_columns_a
D:3:      layout_basic, mainiacjoe_overflow_boulevard, serial_forest,
          infiniplex_forest_lined_2, infiniplex_forest_clump_double,
          infiniplex_forest_clump_cross, infiniplex_forest_end_1,
          infiniplex_forest_straight_4, infiniplex_forest_lined_3,
          infiniplex_forest_clump_small, infiniplex_forest_join,
          infiniplex_forest_join, infiniplex_forest_clump_C, solitary_fountain

Skill      XL: |  1  2  3  4  5 |
---------------+----------------+-----
Axes           | 3 |  3.6
Fighting       | 4 |  4.1
Armour         | 4 |  4.1
Shields        | 5 |  5.0

Action                     |  1- 3 |  4- 6 || total
---------------------------+-------+-------++-------
  Melee: War axe           |    93 |    88 ||   181
 Armour: Scale mail        |    31 |       ||    31
         Chain mail        |    27 |    66 ||    93
  Dodge: Dodged            |    57 |    44 ||   101
  Block: Buckler           |    28 |    28 ||    56

Table legend: (Time is in decaauts)
 A = Elapsed time spent in this place.
 B = Non-inter-level travel time spent in this place.
 C = Inter-level travel time spent in this place.
 D = Time resting spent in this place.
 E = Time spent auto-exploring this place.
 F = Levels seen in this place.
 G = Mean time per level.
                   A        B        C        D        E       F      G
               +--------+--------+--------+--------+--------+-----+--------+
         Total |   1510 |   1476 |     34 |    121 |    919 |   3 |  503.3 |
       Dungeon |   1510 |   1476 |     34 |    121 |    919 |   3 |  503.3 |
               +--------+--------+--------+--------+--------+-----+--------+

Top non-repeatable levels by time:
     D:1: 552 daAuts
     D:2: 525 daAuts
     D:3: 432 daAuts
